 Dungeon Crawl Stone Soup version 0.31-a0-217-g58bb5d79cf (webtiles) character file.

Game seed: 476858124695956871

109 qw the Shooter (level 4, -1/26 HPs)
             Began as a Gargoyle Hexslinger on July 2, 2023.
             Slain by an iguana (6 damage)
             ... on level 3 of the Dungeon.
             The game lasted 00:00:57 (2867 turns).

qw the Shooter (Gargoyle Hexslinger)                Turns: 2867, Time: 00:00:57

Health: -1/26      AC:  8    Str: 12    XL:     4   Next: 90%
Magic:  5/5        EV: 10    Int: 13    God:
Gold:   162        SH:  0    Dex: 14    Spells: 4/5 levels left

rFire   . . .        Y - +1 sling
rCold   + . .        (no shield)
rNeg    + . .        h - +0 ring mail
rPois   inf          (no helmet)
rElec   +            (no cloak)
rCorr   .            (no gloves)
SInv    .            (no boots)
Will    .....        (no amulet)
Stlth   +            d - ring of protection from cold
HPRegen 0.24/turn    (no ring)
MPRegen 0.09/turn

%: no passive effects
@: about to teleport
A: sickness immunity, AC +3, negative energy resistance 1, electricity
resistance, torment resistance 1, petrification resistance
a: no special abilities


You were on level 3 of the Dungeon.
You visited 1 branch of the dungeon, and saw 4 of its levels.

You collected 162 gold pieces.


Innate Abilities, Weirdness & Mutations

You are immune to sickness and miasma.
Your stone body is resilient. (AC +3)
You are immune to poison.
You resist negative energy. (rN+)
You are resistant to electric shocks. (rElec)
You are resistant to unholy torment.
You are immune to petrification.


   Skills:
 - Level 2.0 Fighting
 + Level 4.4 Ranged Weapons
 - Level 1.0 Armour
 - Level 1.5 Dodging
 - Level 1.0 Spellcasting
 - Level 2.6 Hexes


You had 4 spell levels left.
You knew the following spells:

 Your Spells              Type           Power      Damage    Failure   Level
a - Slow                  Hex            28%        N/A       22%         1

Your spell library contained the following spells:

 Spells                   Type           Power      Damage    Failure   Level
 Inner Flame              Hex/Fire       4%         N/A       73%         3
 Portal Projectile        Hex/Tloc       8%         N/A       73%         3
 Cause Fear               Hex            3%         N/A       91%         4

Inventory:

Hand Weapons
 Y - a +1 sling (weapon)
Armour
 h - a +0 ring mail (worn)
Jewellery
 d - a ring of protection from cold (left hand)
Scrolls
 a - a scroll of identify
Potions
 e - a potion of enlightenment
 f - a potion of cancellation {unknown}

Dungeon Overview and Level Annotations

Branches:
Dungeon (4/15)
 Temple: D:4-7

Altars:

Shops:
D:2 :   D:3 *


Message History

HP restored.
Done exploring.
(D) Dungeon
Where to? (* - list waypoints, Enter - D:4, ? - help)
What level of the Dungeon? (default 1, ? - help)
You climb downwards.
The iguana misses you.
There is a stone staircase leading up here.
An iguana is nearby!
You shoot a sling bullet.
The sling bullet closely misses the iguana.
The iguana bites you! The iguana closely misses you.
2859 ||| STAIRDANCE The iguana bites you but does no damage.
You climb upwards.
There is a stone staircase leading down here.
You shoot a sling bullet. The sling bullet hits the iguana.
The iguana is lightly wounded.
The iguana barely misses you.
You shoot a sling bullet. The sling bullet hits the iguana!
The iguana is severely wounded.
The iguana bites you but does no damage.
You shoot a sling bullet. The sling bullet hits the iguana.
The iguana is almost dead.
The iguana bites you but does no damage.
The iguana bites you!
You shoot a sling bullet. The sling bullet hits the iguana.
The iguana is almost dead.
The iguana bites you!
2865 ||| READING scroll of teleportation.
As you read the scroll of teleportation, it crumbles to dust.
You feel strangely unstable. The iguana misses you.
You shoot a sling bullet.
The sling bullet barely misses the iguana.
The iguana bites you but does no damage.
You shoot a sling bullet. The sling bullet hits the iguana.
The iguana is almost dead.
The iguana bites you but does no damage.
The iguana bites you.
You die...

..##...## ##.####.##...#.........
...#.#..###..# #.###............
.....#......## #.# ##...........
.....###.....####.####...........
..#.......##......##..........###
#........####..........#..##..##
#.#......# ##.......####......##
#.#......#####...#<#########....#
#..............l@%......## #.....
...##.....#######...##...####....
.####.....### ###.##........###
.# #####...# #...........#
.###### ##..## ####........#
.#....## ##..# #.)......#
###....## #..## ######[..# #
##....####..### #####
##.#....#%...#


You could see an iguana.

Vanquished Creatures
  5 adders
  A worm (D:3)
  2 dart slugs
  4 endoplasms
  3 giant cockroaches
  3 hobgoblins
  9 jackals
  7 ball pythons
  6 bats
  6 goblins
  4 kobolds
  3 rats
53 creatures vanquished.

Notes
Turn   | Place    | Note
-------+----------+-------------------------------------------
     0 | D:1      | qw the Gargoyle Hexslinger began the quest for the Orb.
     0 | D:1      | Reached XP level 1. HP: 12/12 MP: 2/2
     0 | D:1      | 0 ||| qw: Version: 0.3-a-40-ge99b1a8
     0 | D:1      | 0 ||| qw: Game counter: 96
     0 | D:1      | 0 ||| qw: Melee chars always use a shield: true
     0 | D:1      | 0 ||| qw: God list: Okawaru
     0 | D:1      | 0 ||| qw: Allow faded altars: false
     0 | D:1      | 0 ||| qw: Do Orc after clearing Dungeon:15 true
     0 | D:1      | 0 ||| qw: Do second Lair branch before Depths: true
     0 | D:1      | 0 ||| qw: Lair rune preference: random
     0 | D:1      | 0 ||| qw: Goals: Normal
     0 | D:1      | 0 ||| PLANNING D:1-11
   412 | D:1      | Reached XP level 2. HP: 16/16 MP: 3/3
   492 | D:1      | Reached skill level 3 in Ranged Weapons
   864 | D:1      | 864 ||| UPGRADING to +0 ring mail.
   874 | D:1      | 874 ||| DROPPING +0 robe.
   875 | D:1      | 875 ||| READING 2 scrolls labelled CACORI GINLYO.
   876 | D:1      | 876 ||| DRINKING 2 dark potions.
   886 | D:1      | 886 ||| DROPPING scroll of poison.
   887 | D:1      | 887 ||| DROPPING potion of ambrosia.
   921 | D:2      | Found Wolill's Book Shoppe.
   925 | D:2      | 925 ||| STAIRDANCE
   972 | D:2      | Reached XP level 3. HP: 20/21 MP: 4/4
  1500 | D:2      | Reached XP level 4. HP: 26/26 MP: 5/5
  2149 | D:2      | Reached skill level 4 in Ranged Weapons
  2172 | D:2      | 2172 ||| READING scroll labelled HANAOBR ACUGI.
  2173 | D:2      | 2173 ||| READING scroll labelled KECUNW WIRGHIA.
  2176 | D:2      | 2176 ||| READING scroll labelled KAIRUI TI FAET.
  2227 | D:3      | Found Ashrawer's General Store.
  2291 | D:3      | Reached skill level 1 in Armour
  2783 | D:3      | 2783 ||| UPGRADING to ring of protection from cold.
  2784 | D:3      | 2784 ||| READING scroll labelled BIUXUSOLI IKUNG.
  2785 | D:3      | 2785 ||| DRINKING 2 clear potions.
  2823 | D:4      | 2823 ||| STAIRDANCE
  2859 | D:4      | 2859 ||| STAIRDANCE
  2864 | D:3      | HP: 4/26 [iguana (7)]
  2865 | D:3      | 2865 ||| READING scroll of teleportation.
  2867 | D:3      | Slain by an iguana

Levels and vault maps discovered:
D:1:      matt_arrival_spirals, layout_basic
D:2:      layout_basic, serial_shops, shop
D:3:      layout_rooms, serial_shops, shop, nicolae_figureground_pulse
D:4:      layout_rooms, mainiacjoe_overflow_tiny_flanked,
          minmay_temple_entry_junction

Skill      XL: |  1  2  3  4 |
---------------+-------------+-----
Ranged Weapons | 3 4 |  4.4
Fighting       | 2 |  2.0
Armour         | 1 |  1.0
Dodging        | |  1.5
Spellcasting   | |  1.0
Hexes          | |  2.6

Action                     |  1- 3 |  4- 6 || total
---------------------------+-------+-------++-------
   Fire: Sling             |   124 |    94 ||   218
    Use: Scroll            |     1 |     5 ||     6
         Potion            |     1 |     1 ||     2
 Armour: Robe              |     6 |       ||     6
         Ring mail         |    30 |    52 ||    82
  Dodge: Dodged            |    43 |    68 ||   111

Table legend:
 A = Non-vault XP
 B = Vault XP
 C = Vault XP percentage of total XP
 D = Non-vault monster count
 E = Vault monster count
 F = Vault count percentage of total count
                 A         B        C        D         E       F
            +---------+---------+-------+---------+---------+-------
      Total |     157 |       0 |   0.0 |      53 |       0 |   0.0
            +---------+---------+-------+---------+---------+-------
        D:1 |      29 |       0 |   0.0 |      17 |       0 |   0.0
        D:2 |      66 |       0 |   0.0 |      22 |       0 |   0.0
        D:3 |      49 |       0 |   0.0 |      13 |       0 |   0.0
        D:4 |      13 |       0 |   0.0 |       1 |       0 |   0.0
            +---------+---------+-------+---------+---------+-------
